Map: Sanctuary III LE

Players

ViBE - Winner!

  • Race: Terran Terran
  • League: Master

happystance

  • Race: Protoss Protoss
  • League: Bronze

VOD

Have the link to the VOD?

Description

Time

  • Played on: Oct. 14, 2026, 7:31 p.m.
  • Length: 15:29
Show
View Real Time Build Order
Export as new Build Order

ViBE Terran - Winner!

Build Orders: Mech 

Get SALT Encoding   

  12  0:00  SCV  
  13  0:12  SCV  
  14  0:19  Supply Depot  
  14  0:28  SCV  
  15  0:41  SCV  
  15  0:42  Barracks  
  16  0:48  Refinery  
  16  0:53  SCV  
  17  1:05  SCV  
  18  1:17  SCV  
  19  1:29  Orbital Command  
  19  1:31  Marine  
  20  1:43  Command Center  
  20  1:54  Factory  
  20  1:57  SCV  
  20  2:01  Marine  
  21  2:07  Supply Depot  
  22  2:10  SCV  
  23  2:27  Refinery  
  23  2:29  Marine, SCV  
  25  2:36  Supply Depot  
  25  2:38  Factory Tech Lab  
  25  2:41  SCV  
  26  2:47  Marine  
  27  2:54  Orbital Command  
  27  2:57  SCV, Siege Tank  
  31  3:01  Supply Depot  
  31  3:10  SCV  
  32  3:22  SCV  
  32  3:25  Supply Depot  
  33  3:30  Siege Tank  
  36  3:34  Factory  
  36  3:39  SCV x2  
  36  3:40  Barracks Reactor  
  38  3:49  Supply Depot  
  38  3:51  SCV x2  
  43  4:02  Siege Tank  
  43  4:03  SCV x2  
  45  4:15  SCV x2  
  47  4:24  Armory  
  47  4:27  SCV  
  47  4:28  SCV, Hellion x2  
  53  4:35  Siege Tank  
  56  4:39  SCV  
  56  4:40  SCV  
  56  4:43  Command Center  
  58  4:51  Hellion x2  
  58  4:52  SCV x2  
  64  4:54  Supply Depot  
  64  5:03  Refinery  
  64  5:04  SCV x2, Refinery  
  66  5:12  Hellion x2  
  70  5:15  Thor  
  70  5:16  SCV x2  
  70  5:20  Engineering Bay  
  78  5:28  SCV x2  
  80  5:34  Hellion x2  
  80  5:35  Terran Vehicle Weapons Level 1  
  84  5:40  SCV x2  
  86  5:43  Supply Depot  
  86  5:45  Supply Depot  
  86  5:48  Supply Depot  
  86  5:53  Missile Turret  
  86  5:54  Missile Turret  
  86  5:55  SCV x2  
  88  5:59  Missile Turret  
  88  6:04  Thor  
  88  6:07  SCV x2  
  96  6:14  Hellion x2  
  100  6:19  Orbital Command  
  100  6:24  SCV  
  100  6:25  SCV  
  102  6:35  Command Center  
  102  6:40  Factory  
  102  6:42  SCV  
  102  6:43  SCV  
  104  6:48  Thor  
  104  6:51  Hellion  
  104  6:52  SCV  
  113  6:55  Hellion  
  113  6:58  SCV x2  
  117  7:04  Factory, SCV  
  118  7:08  Supply Depot  
  118  7:10  SCV, Supply Depot  
  118  7:12  Supply Depot  
  118  7:13  SCV  
  120  7:17  SCV  
  120  7:22  SCV, Armory  
  122  7:24  Factory Tech Lab  
  122  7:28  SCV  
  122  7:29  SCV  
  124  7:31  Refinery  
  124  7:32  Refinery, Thor  
  124  7:34  SCV, Terran Vehicle Weapons Level 2  
  131  7:39  Hellion x2  
  131  7:42  SCV x2  
  137  7:46  Supply Depot  
  137  7:47  Supply Depot  
  137  7:52  Command Center  
  137  7:53  Factory Tech Lab  
  137  7:55  Thor  
  143  8:01  Hellion x2  
  143  8:02  SCV x2  
  149  8:09  SCV  
  149  8:11  Missile Turret  
  150  8:14  SCV  
  150  8:15  SCV  
  150  8:18  Thor  
  158  8:20  Thor  
  158  8:21  SCV  
  158  8:23  Missile Turret  
  165  8:35  Hellion x2, SCV  
  165  8:36  SCV x2  
  165  8:37  Planetary Fortress  
  172  8:49  Terran Vehicle And Ship Armor Level 1  
  172  8:50  Thor  
  172  8:51  Factory  
  172  8:52  Factory  
  172  8:55  Supply Depot x2  
  176  9:06  Refinery x2  
  176  9:08  Command Center  
  176  9:13  Thor  
  176  9:16  Thor  
  188  9:21  Hellion x2  
  190  9:26  SCV x2  
  190  9:27  SCV x2  
  194  9:34  Thor  
  200  9:50  Infernal Pre-Igniter  
  200  9:51  Smart Servos  
  200  9:53  Terran Vehicle Weapons Level 3  
  200  9:57  Factory Tech Lab x2  
  200  10:00  Neosteel Armor  
  200  10:11  Factory  
  200  10:13  Factory  
  200  10:16  Factory  
  200  10:26  Command Center  
  200  10:28  Planetary Fortress  
  200  10:40  Missile Turret  
  196  10:46  Thor  
  198  10:51  Hellion  
  196  11:03  Factory  
  188  11:04  Planetary Fortress  
  188  11:05  Factory  
  188  11:06  Factory  
  188  11:08  Factory  
  188  11:10  Factory  
  185  11:16  Thor x2  
  185  11:17  Missile Turret, Hellion  
  185  11:18  Hellion  
  199  11:26  Refinery  
  199  11:28  Refinery  
  199  11:32  Factory Reactor x3  
  199  11:40  Hi-Sec Auto Tracking  
  199  11:45  Factory x2  
  197  11:52  Command Center  
  192  12:03  Factory Reactor  
  192  12:04  Factory Tech Lab x4  
  192  12:08  Thor  
  198  12:09  Hellion  
  198  12:12  Terran Vehicle And Ship Armor Level 2  
  200  12:32  Factory Tech Lab x2  
  198  13:09  Command Center, Hellion  
  200  13:14  Missile Turret  
  200  13:21  Planetary Fortress  
  200  13:22  Refinery x2  
  200  13:52  Planetary Fortress  
  200  13:58  Missile Turret  
  200  14:23  Command Center  
  200  15:06  Refinery  
  200  15:07  Refinery  
Show
View Real Time Build Order
Export as new Build Order

happystance Protoss 

Build Orders:  

Get SALT Encoding   

  12  0:01  Probe  
  13  0:13  Probe  
  14  0:21  Pylon  
  14  0:28  Probe  
  15  0:40  Probe  
  15  0:41  Gateway  
  16  1:00  Assimilator  
  16  1:04  Probe  
  17  1:16  Probe  
  18  1:28  Probe  
  19  1:34  Cybernetics Core  
  19  1:41  Probe  
  20  1:53  Probe  
  21  1:58  Nexus  
  21  2:05  Probe  
  22  2:11  Warp Gate  
  22  2:18  Probe  
  23  2:30  Assimilator  
  23  3:10  Stalker  
  26  3:12  Gateway  
  26  3:14  Robotics Facility, Probe (Chrono Boost)  
  26  3:18  Pylon  
  26  3:23  Probe (Chrono Boost)  
  26  3:25  Probe (Chrono Boost)  
  28  3:27  Probe (Chrono Boost)  
  29  3:34  Probe  
  29  3:39  Probe  
  31  3:46  Probe  
  32  3:51  Probe  
  33  3:58  Probe  
  33  3:59  Pylon  
  34  4:03  Probe  
  34  4:05  Shield Battery  
  34  4:07  Shield Battery  
  34  4:09  Observer  
  35  4:11  Probe  
  35  4:15  Probe  
  38  4:20  Stalker x2  
  43  4:24  Probe  
  43  4:27  Probe  
  44  4:36  Twilight Council  
  44  4:47  Immortal  
  44  4:52  Zealot x2  
  52  4:59  Probe x2  
  54  5:17  Charge  
  54  5:33  Robotics Bay  
  54  5:34  Dark Shrine  
  54  5:37  Pylon  
  54  5:49  Pylon  
  54  5:52  Pylon x2  
  54  5:55  Observer, Probe x2  
  57  6:04  Pylon  
  57  6:07  Probe x2  
  57  6:08  Nexus  
  57  6:10  Pylon  
  59  6:22  Sentry x2  
  59  6:24  Assimilator  
  63  6:28  Assimilator  
  63  6:45  Pylon  
  63  6:50  Pylon  
  63  6:56  Pylon  
  63  6:57  Probe x2  
  65  7:09  Probe  
  65  7:10  Probe, Immortal  
  65  7:11  Gravitic Boosters  
  71  7:15  Pylon  
  71  7:16  Stalker  
  71  7:22  Probe  
  74  7:23  Pylon  
  74  7:27  Pylon  
  74  7:34  Shadow Stride  
  74  7:51  Gateway  
  74  7:52  Probe, Gateway  
  74  7:54  Gateway  
  74  7:57  Gateway  
  75  8:06  Forge  
  75  8:10  Probe x3  
  75  8:11  Forge  
  78  8:22  Probe x2  
  80  8:36  Stalker x2  
  84  8:54  Colossus  
  90  9:12  Stalker x6  
  102  9:37  Probe x3  
  105  9:48  Immortal  
  105  9:49  Probe x3  
  112  9:57  Nexus  
  112  9:58  Assimilator  
  112  9:59  Pylon  
  112  10:00  Stalker, Protoss Ground Weapons Level 1 (Chrono Boost)  
  112  10:01  Probe x3, Pylon  
  112  10:02  Assimilator, Protoss Ground Armor Level 1 (Chrono Boost)  
  112  10:03  Pylon  
  112  10:05  Pylon  
  117  10:13  Probe x2  
  119  10:16  Stalker  
  119  10:17  Stalker x2  
  119  10:18  Stalker  
  127  10:37  Immortal  
  127  10:39  Extended Thermal Lance (Chrono Boost)  
  91  11:00  Stalker x3  
  91  11:01  Stalker  
  79  11:10  Stalker x2  
  66  11:15  Colossus  
  53  11:26  Stalker x4  
  57  11:37  Stalker  
  57  11:38  Stalker  
  53  11:53  Stalker x2  
  53  11:54  Stalker  
  29  12:14  Stalker  
  21  12:16  Stalker  
  19  12:30  Stalker  
  19  12:44  Zealot x2  
  23  12:58  Zealot  
  21  13:09  Zealot  
Tags
 
Composition
Mech
Matchup
PvT
Player
ViBE
Add a new tag
Caveats
  • Supply blocks, unpowered buildings, or Contaminate may cause inaccurate times.
  • Supply counts are checked every 10 seconds.